TOP OF THE 1ST |
Buckhead Bowties batting - Pitching for Panama City Piranhas : RHP Harry Stuterberg
|
Pitching: RHP Harry Stuterberg
|
|
Batting: LHB Shunso Kiyomizu
|
0-0: Ball 1-0: Called Strike 1-1: Ground out 4-3 (Groundball, 4, EV 78.8 MPH)
|
Batting: LHB Jesús Encarnación
|
0-0: Foul Ball, location: 2F 0-1: Swinging Strike 0-2: Ball 1-2: Strikes out swinging
|
Batting: LHB Marcus Shill
|
0-0: Called Strike 0-1: Called Strike 0-2: Ball 1-2: Foul Ball, location: 2F 1-2: Ball 2-2: Ball 3-2: SINGLE (Groundball, 34S, EV 63.8 MPH) (infield hit)
|
Batting: RHB Emílio Agramónte
|
0-0: Called Strike 0-1: 2-RUN HOME RUN (Flyball, 8LXD, EV 94.4 MPH), Distance : 424 ft
|
Batting: SHB Arend van der Veen
|
0-0: Ball 1-0: SINGLE (Groundball, 34D, EV 98.1 MPH)
|
Batting: RHB César Guerra
|
0-0: Called Strike 0-1: Foul Ball, location: 2F 0-2: Foul Ball, location: 2F 0-2: Strikes out looking
|
Top of the 1st over - 2 runs, 3 hits, 0 errors, 1 left on base; Buckhead 2 - Panama City 0 |
BOTTOM OF THE 1ST |
Panama City Piranhas batting - Pitching for Buckhead Bowties : LHP Jong-yong Ha
|
Pitching: LHP Jong-yong Ha
|
|
Batting: RHB António Mendoza
|
0-0: Ball 1-0: Ball 2-0: Ball 3-0: Base on Balls
|
Batting: RHB Quindarious Monday
|
0-0: Fielders Choice at 2nd, 3-6 (Groundball, 34, EV 80.0 MPH)
|
Batting: SHB Tom Dickinson
|
0-0: Called Strike 0-1: Swinging Strike Passed Ball! Quindarious Monday to second 0-2: Ball 1-2: Ball 2-2: Strikes out swinging
|
Batting: RHB Bruno Williams
|
0-0: Called Strike 0-1: Ball 1-1: DOUBLE (Flyball, 8RD, EV 89.4 MPH) Quindarious Monday scores
|
Batting: RHB Craig Tricket
|
0-0: Swinging Strike 0-1: Ball 1-1: Swinging Strike 1-2: Ball 2-2: Ball 3-2: Foul Ball, location: 2F 3-2: SINGLE (Line Drive, 7LS, EV 96.2 MPH) Bruno Williams to third Bruno Williams scores
|
Batting: LHB Nathan Tanner
|
0-0: Called Strike 0-1: Ball 1-1: Ball 2-1: Swinging Strike 2-2: Ground out 1-3 (Groundball, 15S, EV 77.5 MPH)
|
Bottom of the 1st over - 2 runs, 2 hits, 0 errors, 1 left on base; Buckhead 2 - Panama City 2 |
TOP OF THE 2ND |
Buckhead Bowties batting - Pitching for Panama City Piranhas : RHP Harry Stuterberg
|
Batting: RHB Barsati Saraf
|
0-0: Ball 1-0: Ball 2-0: Fly out, F9 (Flyball, 9S, EV 96.2 MPH)
|
Batting: LHB Badry Maksimenov
|
0-0: Foul Ball, location: 2F 0-1: Ground out 4-3 (Groundball, 4S, EV 66.9 MPH)
|
Batting: SHB Henrique de Senna Fernandes
|
0-0: Foul Ball, location: 2F 0-1: Ground out 4-3 (Groundball, 4, EV 105.6 MPH)
|
Top of the 2nd over - 0 runs, 0 hits, 0 errors, 0 left on base; Buckhead 2 - Panama City 2 |
BOTTOM OF THE 2ND |
Panama City Piranhas batting - Pitching for Buckhead Bowties : LHP Jong-yong Ha
|
Batting: RHB Silvio Bonauiti
|
0-0: Ball 1-0: Ball 2-0: Ball 3-0: Base on Balls
|
Batting: SHB Ben Boston
|
0-0: Called Strike 0-1: Ball 1-1: Ball 2-1: Ball 3-1: Base on Balls Silvio Bonauiti to second
|
Batting: RHB Arnie Taylor
|
0-0: Called Strike 0-1: Ground out 5-3 (Groundball, 5S, EV 67.5 MPH) Silvio Bonauiti to third Ben Boston to second
|
Batting: RHB António Mendoza
|
0-0: Ball Passed Ball! Silvio Bonauiti scores Ben Boston to third 1-0: Ball 2-0: Called Strike 2-1: SINGLE (Line Drive, 78S, EV 91.2 MPH) Ben Boston scores
|
Batting: RHB Quindarious Monday
|
0-0: Fly out, F7 (Flyball, 7LS, EV 94.4 MPH)
|
Batting: SHB Tom Dickinson
|
0-0: Called Strike 0-1: Ball António Mendoza steals 2nd base (no throw) 1-1: Ball 2-1: Ground out 6-3 (Groundball, 4M, EV 81.9 MPH)
|
Bottom of the 2nd over - 2 runs, 1 hit, 0 errors, 1 left on base; Buckhead 2 - Panama City 4 |
TOP OF THE 3RD |
Buckhead Bowties batting - Pitching for Panama City Piranhas : RHP Harry Stuterberg
|
Batting: LHB Shunso Kiyomizu
|
0-0: Ball 1-0: Foul Ball, location: 2F 1-1: Ball 2-1: Ball 3-1: Base on Balls
|
Batting: LHB Jesús Encarnación
|
0-0: Fly out, F9 (Line Drive, 9D, EV 105.0 MPH)
|
Batting: LHB Marcus Shill
|
0-0: Called Strike 0-1: Ball 1-1: Foul Ball, location: 2F 1-2: Reached on error, E3 (Groundball, 3, EV 79.4 MPH) Shunso Kiyomizu to second
|
Batting: RHB Emílio Agramónte
|
0-0: Foul Ball, location: 2F 0-1: Foul Ball, location: 2F 0-2: Foul Ball, location: 2F 0-2: Ball 1-2: Fly out, F9 (Flyball, 9LM, EV 72.5 MPH)
|
Batting: SHB Arend van der Veen
|
0-0: Swinging Strike 0-1: Foul Ball, location: 2F 0-2: SINGLE (Line Drive, 8LS, EV 95.6 MPH) Shunso Kiyomizu to third Marcus Shill to second Runner from 3rd tries for Home, SAFE, throw by CF to home
|
Batting: RHB César Guerra
|
0-0: Ball 1-0: Ball 2-0: Fly out, F9 (Flyball, 9D, EV 99.4 MPH)
|
Top of the 3rd over - 1 run, 1 hit, 1 error, 2 left on base; Buckhead 3 - Panama City 4 |
BOTTOM OF THE 3RD |
Panama City Piranhas batting - Pitching for Buckhead Bowties : LHP Jong-yong Ha
|
Batting: RHB Bruno Williams
|
0-0: Ground out 6-3 (Groundball, 6, EV 83.8 MPH)
|
Batting: RHB Craig Tricket
|
0-0: Foul Ball, location: 2F 0-1: Called Strike 0-2: Ball 1-2: Fly out, F7 (Flyball, 78M, EV 89.4 MPH)
|
Batting: LHB Nathan Tanner
|
0-0: Foul Ball, location: 2F 0-1: Ball 1-1: Ball 2-1: Ball 3-1: Called Strike 3-2: Ground out U3 (Groundball, 3L, EV 88.1 MPH)
|
Bottom of the 3rd over - 0 runs, 0 hits, 0 errors, 0 left on base; Buckhead 3 - Panama City 4 |
TOP OF THE 4TH |
Buckhead Bowties batting - Pitching for Panama City Piranhas : RHP Harry Stuterberg
|
Batting: RHB Barsati Saraf
|
0-0: Ball 1-0: Ball 2-0: Fly out, F4 (Line Drive, 4, EV 76.9 MPH)
|
Batting: LHB Badry Maksimenov
|
0-0: Ground out 4-3 (Groundball, 4, EV 85.6 MPH)
|
Batting: SHB Henrique de Senna Fernandes
|
0-0: Ball 1-0: Foul Ball, location: 2F 1-1: Ball 2-1: Swinging Strike 2-2: Strikes out swinging
|
Top of the 4th over - 0 runs, 0 hits, 0 errors, 0 left on base; Buckhead 3 - Panama City 4 |
BOTTOM OF THE 4TH |
Panama City Piranhas batting - Pitching for Buckhead Bowties : LHP Jong-yong Ha
|
Batting: RHB Silvio Bonauiti
|
0-0: Called Strike 0-1: Foul Ball, location: 2F 0-2: Strikes out swinging
|
Batting: SHB Ben Boston
|
0-0: Foul Ball, location: 2F 0-1: Called Strike 0-2: Foul Ball, location: 2F 0-2: Foul Ball, location: 2F 0-2: Foul Ball, location: 2F 0-2: Ball 1-2: Ground out 6-3 (Groundball, 6, EV 83.1 MPH)
|
Batting: RHB Arnie Taylor
|
0-0: Called Strike 0-1: Called Strike 0-2: Strikes out looking
|
Bottom of the 4th over - 0 runs, 0 hits, 0 errors, 0 left on base; Buckhead 3 - Panama City 4 |
TOP OF THE 5TH |
Buckhead Bowties batting - Pitching for Panama City Piranhas : RHP Harry Stuterberg
|
Batting: LHB Shunso Kiyomizu
|
0-0: Ball 1-0: Called Strike 1-1: SINGLE (Groundball, 6D, EV 93.8 MPH)
|
Batting: LHB Jesús Encarnación
|
0-0: Bunted foul 0-1: Ball 1-1: Bunted foul 1-2: Ball 2-2: Ball 3-2: Foul Ball, location: 2F 3-2: Strikes out swinging Shunso Kiyomizu is caught stealing 2nd base 2-6 Batter strikes out.
|
Batting: LHB Marcus Shill
|
0-0: Ball 1-0: Ground out 4-3 (Groundball, 4, EV 86.2 MPH)
|
Top of the 5th over - 0 runs, 1 hit, 0 errors, 0 left on base; Buckhead 3 - Panama City 4 |
BOTTOM OF THE 5TH |
Panama City Piranhas batting - Pitching for Buckhead Bowties : LHP Jong-yong Ha
|
Batting: RHB António Mendoza
|
0-0: Ball 1-0: Foul Ball, location: 2F 1-1: Ground out 5-3 (Groundball, 56, EV 88.1 MPH)
|
Batting: RHB Quindarious Monday
|
0-0: Fly out, F6 (Popup, 6, EV 80.6 MPH)
|
Batting: SHB Tom Dickinson
|
0-0: Called Strike 0-1: Ball 1-1: Ground out 5-3 (Groundball, 5, EV 85.0 MPH)
|
Bottom of the 5th over - 0 runs, 0 hits, 0 errors, 0 left on base; Buckhead 3 - Panama City 4 |
TOP OF THE 6TH |
Buckhead Bowties batting - Pitching for Panama City Piranhas : RHP Harry Stuterberg
|
Batting: RHB Emílio Agramónte
|
0-0: Called Strike 0-1: Ball 1-1: Swinging Strike 1-2: Foul Ball, location: 2F 1-2: Ball 2-2: SINGLE (Groundball, 56D, EV 98.8 MPH)
|
Batting: SHB Arend van der Veen
|
0-0: Ball 1-0: Swinging Strike 1-1: DOUBLE (Line Drive, 89D, EV 111.2 MPH) Emílio Agramónte to third
|
Batting: RHB César Guerra
|
0-0: Called Strike 0-1: SINGLE (Line Drive, 89S, EV 106.9 MPH) Emílio Agramónte scores Arend van der Veen to third
|
Batting: RHB Barsati Saraf
|
0-0: Called Strike 0-1: Ball 1-1: Swinging Strike 1-2: Foul Ball, location: 2F 1-2: Ball 2-2: Foul Ball, location: 2F 2-2: Ball 3-2: Base on Balls César Guerra to second
|
Batting: LHB Badry Maksimenov
|
0-0: Ball 1-0: GRAND SLAM HOME RUN (Flyball, 78XD, EV 83.8 MPH), Distance : 387 ft
|
Pitching: RHP Orynn Veillon
|
|
Batting: SHB Henrique de Senna Fernandes
|
0-0: SINGLE (Line Drive, 7, EV 98.1 MPH)
|
Batting: LHB Shunso Kiyomizu
|
0-0: Ball 1-0: Bunted foul 1-1: Ball 2-1: Sac Bunt to 23 - play at first, batter OUT! 3-4 Henrique de Senna Fernandes to second
|
Batting: LHB Jesús Encarnación
|
0-0: Intentional Walk
|
Batting: LHB Marcus Shill
|
0-0: Fielders Choice at 2nd, 4-6 (Groundball, 4M, EV 106.9 MPH) Henrique de Senna Fernandes to third
|
Batting: RHB Emílio Agramónte
|
0-0: Ball 1-0: Called Strike 1-1: Ball 2-1: Foul Ball, location: 2F 2-2: Foul Ball, location: 2F 2-2: Foul Ball, location: 2F 2-2: Strikes out swinging
|
Top of the 6th over - 5 runs, 5 hits, 0 errors, 2 left on base; Buckhead 8 - Panama City 4 |
BOTTOM OF THE 6TH |
Panama City Piranhas batting - Pitching for Buckhead Bowties : LHP Jong-yong Ha
|
Batting: RHB Bruno Williams
|
0-0: Ground out 6-3 (Groundball, 6, EV 90.0 MPH)
|
Batting: RHB Craig Tricket
|
0-0: Foul Ball, location: 2F 0-1: Ground out 1-3 (Groundball, 34S, EV 90.6 MPH)
|
Batting: LHB Nathan Tanner
|
0-0: Ball 1-0: Called Strike 1-1: Ball 2-1: Swinging Strike 2-2: Ground out 4-3 (Groundball, 4, EV 80.0 MPH)
|
Bottom of the 6th over - 0 runs, 0 hits, 0 errors, 0 left on base; Buckhead 8 - Panama City 4 |
TOP OF THE 7TH |
Buckhead Bowties batting - Pitching for Panama City Piranhas : RHP Orynn Veillon
|
Batting: SHB Arend van der Veen
|
0-0: Called Strike 0-1: DOUBLE (Line Drive, 89XD, EV 105.0 MPH)
|
Batting: RHB César Guerra
|
0-0: Foul Ball, location: 2F 0-1: Ball 1-1: Called Strike 1-2: Ball 2-2: Ground out 6-3 (Groundball, 6, EV 84.4 MPH)
|
Batting: RHB Barsati Saraf
|
0-0: Intentional Walk
|
Batting: LHB Badry Maksimenov
|
0-0: Called Strike 0-1: Swinging Strike 0-2: Foul Ball, location: 2F 0-2: Ball 1-2: Strikes out looking
|
Batting: SHB Henrique de Senna Fernandes
|
0-0: Ground out U3 (Groundball, 3, EV 87.5 MPH)
|
Top of the 7th over - 0 runs, 1 hit, 0 errors, 2 left on base; Buckhead 8 - Panama City 4 |
BOTTOM OF THE 7TH |
Panama City Piranhas batting - Pitching for Buckhead Bowties : LHP Jong-yong Ha
|
Pitching: RHP Roderick Miller
|
|
Batting: RHB Silvio Bonauiti
|
0-0: Ball 1-0: Ground out 5-3 (Groundball, 56S, EV 87.5 MPH)
|
Batting: SHB Ben Boston
|
0-0: Fly out, F9 (Line Drive, 9, EV 98.1 MPH)
|
Batting: RHB Arnie Taylor
|
0-0: Ball 1-0: Foul Ball, location: 2F 1-1: Foul Ball, location: 2F 1-2: Strikes out swinging
|
Bottom of the 7th over - 0 runs, 0 hits, 0 errors, 0 left on base; Buckhead 8 - Panama City 4 |
TOP OF THE 8TH |
Buckhead Bowties batting - Pitching for Panama City Piranhas : RHP Orynn Veillon
|
Batting: LHB Shunso Kiyomizu
|
0-0: Ball 1-0: Ball 2-0: Ground out 6-3 (Groundball, 56, EV 91.2 MPH)
|
Batting: LHB Jesús Encarnación
|
0-0: Ball 1-0: Ball 2-0: Called Strike 2-1: Ball 3-1: Ground out 1-3 (Groundball, 34S, EV 91.9 MPH)
|
Batting: LHB Marcus Shill
|
0-0: Ball 1-0: Called Strike 1-1: Called Strike 1-2: Strikes out swinging
|
Top of the 8th over - 0 runs, 0 hits, 0 errors, 0 left on base; Buckhead 8 - Panama City 4 |
BOTTOM OF THE 8TH |
Panama City Piranhas batting - Pitching for Buckhead Bowties : RHP Roderick Miller
|
Batting: RHB António Mendoza
|
0-0: Foul Ball, location: 2F 0-1: Foul Ball, location: 2F 0-2: Foul Ball, location: 2F 0-2: Ball 1-2: Ball 2-2: Ball 3-2: SINGLE (Flyball, 89S, EV 87.5 MPH)
|
Batting: RHB Quindarious Monday
|
0-0: Called Strike 0-1: Hit by Pitch António Mendoza to second
|
Batting: SHB Tom Dickinson
|
0-0: DOUBLE (Groundball, 3L, EV 108.1 MPH) António Mendoza scores Quindarious Monday to third Runner from 3rd tries for Home, SAFE, throw by RF to trailing runner, SAFE at third!
|
Batting: RHB Bruno Williams
|
0-0: Ball 1-0: Foul Ball, location: 2F 1-1: Ball 2-1: Swinging Strike 2-2: Foul Ball, location: 2F 2-2: Strikes out swinging
|
Batting: RHB Craig Tricket
|
0-0: Swinging Strike 0-1: Ball 1-1: Called Strike 1-2: Fly out, F7 (Flyball, 78D, EV 93.8 MPH)
|
Batting: LHB Nathan Tanner
|
0-0: Fly out, F8 (Flyball, 8LS, EV 88.1 MPH)
|
Bottom of the 8th over - 2 runs, 2 hits, 0 errors, 1 left on base; Buckhead 8 - Panama City 6 |
TOP OF THE 9TH |
Buckhead Bowties batting - Pitching for Panama City Piranhas : RHP Orynn Veillon
|
Pitching: LHP Joe Khokar
|
|
Batting: RHB Emílio Agramónte
|
0-0: Ball 1-0: Foul Ball, location: 2F 1-1: Foul Ball, location: 2F 1-2: Strikes out swinging, 2-3 out at first.
|
Batting: SHB Arend van der Veen
|
0-0: Foul Ball, location: 2F 0-1: Ball 1-1: Ball 2-1: Ball 3-1: Swinging Strike 3-2: Foul Ball, location: 2F 3-2: Base on Balls
|
Batting: RHB César Guerra
|
0-0: Foul Ball, location: 2F 0-1: Ball 1-1: Ball 2-1: Fielders Choice at 2nd, 5-4 (Groundball, 5S, EV 80.0 MPH)
|
Batting: RHB Barsati Saraf
|
0-0: Called Strike 0-1: Fielders Choice at 2nd, 5-4 (Groundball, 5, EV 87.5 MPH)
|
Top of the 9th over - 0 runs, 0 hits, 0 errors, 1 left on base; Buckhead 8 - Panama City 6 |
BOTTOM OF THE 9TH |
Panama City Piranhas batting - Pitching for Buckhead Bowties : RHP Roderick Miller
|
Pitching: LHP Yajirobei Otomo
|
|
Batting: RHB Silvio Bonauiti
|
0-0: Ball 1-0: Ball 2-0: Ball 3-0: Called Strike 3-1: Called Strike 3-2: Base on Balls
|
Batting: SHB Ben Boston
|
0-0: Called Strike 0-1: Called Strike 0-2: Grounds into double play, 5-4-3 (Groundball, 56, EV 88.8 MPH)
|
Batting: RHB Arnie Taylor
|
0-0: SINGLE (Groundball, 4MS, EV 71.9 MPH) (infield hit)
|
Batting: RHB António Mendoza
|
0-0: Called Strike 0-1: Ball 1-1: Ball 2-1: Ball 3-1: Base on Balls Arnie Taylor to second
|
Batting: RHB Quindarious Monday
|
0-0: Foul Ball, location: 2F 0-1: Fly out, F5 (Line Drive, 5, EV 65.6 MPH)
|
Bottom of the 9th over - 0 runs, 1 hit, 0 errors, 2 left on base; Buckhead 8 - Panama City 6 |
|